 Dungeon Crawl Stone Soup version 0.29-a0-557-g43b9904bd1 (webtiles) character file.

Game seed: 3836721040699667646

70 DocClef the Covert (level 4, 0/41 HPs)
             Began as a Gnoll Delver on June 8, 2022.
             Succumbed to a scorpion's poison
             ... on level 4 of the Dungeon.
             The game lasted 00:00:35 (571 turns).

DocClef the Covert (Gnoll Delver)                    Turns: 571, Time: 00:00:35

Health: 0/41       AC:  3    Str: 12    XL:     4   Next: 21%
Magic:  5/5        EV: 13    Int:  9    God:
Gold:   97         SH:  0    Dex: 15    Spells: 5/5 levels left

rFire   . . .      SeeInvis .   d - +0 great mace
rCold   . . .      Faith    .   (shield currently unavailable)
rNeg    . . .      Spirit   .   b - +0 leather armour
rPois   .          Reflect  .   (no helmet)
rElec   .          Harm     .   (no cloak)
rCorr   .          Rampage  .   (no gloves)
Will    .....                   (no boots)
Stlth   ++++......              (no amulet)
HPRegen 0.13/turn               (no ring)
MPRegen 0.09/turn               (no ring)

@: lethally poisoned (0 -> -22)
A: fangs 1, strong nose, distributed training
a: no special abilities


You were on level 4 of the Dungeon.
You visited 1 branch of the dungeon, and saw 3 of its levels.

You collected 97 gold pieces.

Inventory:

Hand Weapons
 a - a +0 short sword
 d - a +0 great mace (weapon)
Armour
 b - a +0 leather armour (worn)
Wands
 g - a wand of digging (3)
Scrolls
 c - a scroll of fog
 e - a scroll of fear
Potions
 f - a potion of haste
 h - a potion of berserk rage {unknown}


   Skills:
 + Level 6.6 Fighting
 + Level 4.6 Short Blades
 + Level 1.0 Long Blades
 + Level 1.0 Axes
 + Level 1.0 Maces & Flails
 + Level 1.0 Polearms
 + Level 1.0 Staves
 + Level 1.0 Slings
 + Level 1.0 Bows
 + Level 1.0 Crossbows
 + Level 1.0 Throwing
 + Level 1.0 Armour
 + Level 4.6 Dodging
 + Level 9.6 Stealth
 + Level 1.0 Shields
 + Level 1.0 Unarmed Combat
 + Level 1.0 Spellcasting
 + Level 0.8 Conjurations
 + Level 0.8 Hexes
 + Level 0.8 Summonings
 + Level 0.8 Necromancy
 + Level 0.8 Translocations
 + Level 0.8 Transmutations
 + Level 0.8 Fire Magic
 + Level 0.8 Ice Magic
 + Level 0.8 Air Magic
 + Level 0.8 Earth Magic
 + Level 0.8 Poison Magic
 + Level 1.1 Invocations
 + Level 1.0 Evocations


You had 5 spell levels left.
You didn't know any spells.
Your spell library was empty.

Dungeon Overview and Level Annotations

Branches:
Dungeon (6/15)             Temple (0/1) D:4

Altars:


Innate Abilities, Weirdness & Mutations

You have very sharp teeth.
Your uncanny sense of smell can sniff out nearby items.
Your experience applies equally to all skills.


Message History

You feel aware of your surroundings.
You sensed 1 shop/portal.
The ball python closely misses you. The ball python grabs you.
The ball python constricts you.
You closely miss the ball python. The ball python barely misses you.
The ball python constricts you.
You hit the ball python but do no damage.
The ball python bites you. The ball python constricts you.
You hit the ball python.
You kill the ball python!
A scorpion comes into view.
The hobgoblin closely misses you.
There is a stone staircase leading down here.
You hit the hobgoblin.
The hobgoblin is almost dead.
The hobgoblin barely misses you.
You hit the hobgoblin but do no damage.
The hobgoblin is almost dead.
The hobgoblin closely misses you.
You hit the hobgoblin.
You kill the hobgoblin!
You see here a +0 great mace.
d - a +0 great mace The scorpion stings you. x2
d - a +0 great mace (weapon)
You closely miss the scorpion. The scorpion stings you.
The scorpion stings you but does no damage.
You completely miss the scorpion. The scorpion closely misses you.
The scorpion stings you.
You are poisoned.
The scorpion poisons you!
You closely miss the scorpion.
You feel very sick. The scorpion stings you.
* * * LOW HITPOINT WARNING * * *
You are more poisoned.
The scorpion poisons you! The scorpion stings you.
* * * LOW HITPOINT WARNING * * *
You sock the scorpion!
The scorpion is heavily wounded.
You die...

**,*,**,*,,,,*
*....#,,,,***
*#.#.##**,**
*.....,,,,*
*#...*,**,**
*...,,,,,,*
*#.#*,,,,**
#s##*,***
#@>#*,*
##.#*,* #†#*,*
#..,,* ####**


You could see a scorpion.

Vanquished Creatures
  A bullfrog (D:6)
  A worm (D:5)
  An orc (D:5)
  A ball python (D:4)
  A hobgoblin (D:4)
5 creatures vanquished.

Notes
Turn   | Place    | Note
-------+----------+-------------------------------------------
     0 | D:5      | Reached skill level 9 in Stealth
     0 | D:5      | DocClef the Gnoll Delver began the quest for the Orb.
     0 | D:5      | Reached XP level 1. HP: 23/23 MP: 1/1
   141 | D:5      | Noticed a two-headed ogre
   234 | D:6      | Noticed a bullfrog
   247 | D:6      | Killed a bullfrog
   248 | D:6      | Reached skill level 1 in Long Blades
   248 | D:6      | Reached skill level 1 in Axes
   248 | D:6      | Reached skill level 1 in Maces & Flails
   248 | D:6      | Reached skill level 1 in Polearms
   248 | D:6      | Reached skill level 1 in Staves
   248 | D:6      | Reached skill level 1 in Slings
   248 | D:6      | Reached skill level 1 in Bows
   248 | D:6      | Reached skill level 1 in Crossbows
   248 | D:6      | Reached skill level 1 in Throwing
   248 | D:6      | Reached skill level 1 in Armour
   248 | D:6      | Reached skill level 1 in Shields
   248 | D:6      | Reached skill level 1 in Unarmed Combat
   248 | D:6      | Reached skill level 1 in Spellcasting
   248 | D:6      | Reached skill level 1 in Invocations
   248 | D:6      | Reached skill level 1 in Evocations
   248 | D:6      | Reached XP level 2. HP: 6/29 MP: 1/3
   248 | D:6      | Reached XP level 3. HP: 7/35 MP: 1/4
   248 | D:6      | Reached XP level 4. HP: 9/41 MP: 1/5
   560 | D:4      | Noticed a scorpion
   571 | D:4      | Succumbed to a scorpion's poison

Illustrated notes

Levels and vault maps discovered:
D:4:      layout_basic, temple_green, enter_ossuary_5
D:5:      layout_gridville
D:6:      layout_loops_corners, dreamdust_wishing_well

Skill      XL: |  1 |
---------------+----+-----
Stealth        | |  9.6
Long Blades    | 1 |  1.0
Axes           | 1 |  1.0
Maces & Flails | 1 |  1.0
Polearms       | 1 |  1.0
Staves         | 1 |  1.0
Slings         | 1 |  1.0
Bows           | 1 |  1.0
Crossbows      | 1 |  1.0
Throwing       | 1 |  1.0
Armour         | 1 |  1.0
Shields        | 1 |  1.0
Unarmed Combat | 1 |  1.0
Spellcasting   | 1 |  1.0
Invocations    | 1 |  1.1
Evocations     | 1 |  1.0
Fighting       | |  6.6
Short Blades   | |  4.6
Dodging        | |  4.6
Conjurations   | |  0.8
Hexes          | |  0.8
Summonings     | |  0.8
Necromancy     | |  0.8
Translocations | |  0.8
Transmutations | |  0.8
Fire Magic     | |  0.8
Ice Magic      | |  0.8
Air Magic      | |  0.8
Earth Magic    | |  0.8
Poison Magic   | |  0.8

Action                   |  1- 3 |  4- 6 || total
-------------------------+-------+-------++-------
Melee: Short sword       |    12 |    15 ||    27
       Bite              |     3 |       ||     3
       Great mace        |       |     4 ||     4
  Use: Scroll            |       |     1 ||     1
Armor: Leather armour    |     3 |     1 ||     4
Dodge: Dodged            |     6 |     8 ||    14

Table legend: (Time is in decaauts)
 A = Elapsed time spent in this place.
 B = Non-inter-level travel time spent in this place.
 C = Inter-level travel time spent in this place.
 D = Time resting spent in this place.
 E = Time spent auto-exploring this place.
 F = Levels seen in this place.
 G = Mean time per level.
                   A        B        C        D        E       F      G
               +--------+--------+--------+--------+--------+-----+--------+
         Total |    568 |    568 |      0 |    149 |    322 |   3 |  189.3 |
       Dungeon |    568 |    568 |      0 |    149 |    322 |   3 |  189.3 |
               +--------+--------+--------+--------+--------+-----+--------+

Top non-repeatable levels by time:
     D:5: 326 daAuts
     D:6: 225 daAuts
     D:4: 16 daAuts
